TOP OF THE 1ST |
Utah Utes batting - Pitching for Illinois Fighting Illini : RHP Miguel Sotelo
|
Pitching: RHP Miguel Sotelo
|
|
Batting: RHB Larry Storms
|
0-0: Fly out, F5 (Line Drive, 56S)
|
Batting: SHB Jeff Hernández
|
0-0: DOUBLE (Line Drive, 7LM)
|
Batting: SHB Ramón Velázquez
|
0-0: Ball 1-0: Fly out, F8 (Flyball, 89S)
|
Batting: SHB John May
|
0-0: Ball 1-0: Swinging Strike 1-1: Ball 2-1: Foul Ball, location: 2F 2-2: Fly out, F9 (Line Drive, 9LM)
|
Top of the 1st over - 0 run(s), 1 hit(s), 0 error(s), 1 left on base; Utah 0 - Illinois 0 |
BOTTOM OF THE 1ST |
Illinois Fighting Illini batting - Pitching for Utah Utes : RHP Albert Scott
|
Pitching: RHP Albert Scott
|
|
Batting: SHB Shannon Cline
|
0-0: Called Strike 0-1: Fly out, F8 (Flyball, 8RD)
|
Batting: RHB Jon Foster
|
0-0: Ball 1-0: Ball 2-0: Ball 3-0: Called Strike 3-1: Base on Balls
|
Batting: RHB Benoît Vigneault
|
0-0: Ball 1-0: Fielders Choice at 2nd, 1-6 (Groundball, 13)
|
Batting: LHB John Miller
|
0-0: Ball 1-0: Ball 2-0: Fly out, F9 (Flyball, 9)
|
Bottom of the 1st over - 0 run(s), 0 hit(s), 0 error(s), 1 left on base; Utah 0 - Illinois 0 |
TOP OF THE 2ND |
Utah Utes batting - Pitching for Illinois Fighting Illini : RHP Miguel Sotelo
|
Batting: RHB Randy Banks
|
0-0: Called Strike 0-1: Swinging Strike 0-2: Ball 1-2: Ball 2-2: Ball 3-2: Base on Balls
|
Batting: LHB Robby Bland
|
0-0: 2-RUN HOME RUN (Flyball, 89XD), Distance : 369 ft
|
Batting: SHB Pablo Miranda
|
0-0: Called Strike 0-1: Ball 1-1: Called Strike 1-2: Foul Ball, location: 2F 1-2: Strikes out swinging
|
Batting: SHB Glenn Hinton
|
0-0: Swinging Strike 0-1: Ball 1-1: Ball 2-1: Ball 3-1: Foul Ball, location: 2F 3-2: Strikes out looking
|
Batting: SHB Carlos Mesa
|
0-0: Ground out 4-3 (Groundball, 4S)
|
Top of the 2nd over - 2 run(s), 1 hit(s), 0 error(s), 0 left on base; Utah 2 - Illinois 0 |
BOTTOM OF THE 2ND |
Illinois Fighting Illini batting - Pitching for Utah Utes : RHP Albert Scott
|
Batting: RHB Jesús Vélez
|
0-0: Swinging Strike 0-1: Ball 1-1: Ball 2-1: Called Strike 2-2: Foul Ball, location: 2F 2-2: Ball 3-2: Foul Ball, location: 2F 3-2: Strikes out looking
|
Batting: RHB Ryan Draper
|
0-0: Foul Ball, location: 2F 0-1: Called Strike 0-2: Ball 1-2: Ball 2-2: Foul Ball, location: 2F 2-2: Strikes out swinging, 2-3 out at first.
|
Batting: RHB Fernando Núñez
|
0-0: Called Strike 0-1: Foul Ball, location: 2F 0-2: Strikes out looking
|
Bottom of the 2nd over - 0 run(s), 0 hit(s), 0 error(s), 0 left on base; Utah 2 - Illinois 0 |
TOP OF THE 3RD |
Utah Utes batting - Pitching for Illinois Fighting Illini : RHP Miguel Sotelo
|
Batting: RHB Larry Storms
|
0-0: Foul Ball, location: 2F 0-1: Bunted foul 0-2: Ball 1-2: Ball 2-2: Ball 3-2: Strikes out swinging
|
Batting: SHB Jeff Hernández
|
0-0: Ball 1-0: Ball 2-0: Ball 3-0: Base on Balls
|
Batting: SHB Ramón Velázquez
|
0-0: Fly out, F8 (Flyball, 78M)
|
Batting: SHB John May
|
0-0: Ball 1-0: Ball 2-0: Ball 3-0: Base on Balls Jeff Hernández to second
|
Batting: RHB Randy Banks
|
0-0: Ball 1-0: Called Strike 1-1: Fly out, F4 (Popup, 3D)
|
Top of the 3rd over - 0 run(s), 0 hit(s), 0 error(s), 2 left on base; Utah 2 - Illinois 0 |
BOTTOM OF THE 3RD |
Illinois Fighting Illini batting - Pitching for Utah Utes : RHP Albert Scott
|
Batting: RHB Alonso Durán
|
0-0: Ball 1-0: Ball 2-0: Ball 3-0: Base on Balls
|
Batting: RHB Alfonso Reyes
|
0-0: Ball 1-0: Called Strike 1-1: Ball 2-1: Swinging Strike 2-2: Grounds into double play, 6-4-3 (Groundball, 6)
|
Batting: SHB Shannon Cline
|
0-0: Foul Ball, location: 2F 0-1: Ball 1-1: Ball 2-1: Foul Ball, location: 2F 2-2: Ball 3-2: Base on Balls
|
Batting: RHB Jon Foster
|
0-0: Called Strike 0-1: Ball 1-1: Swinging Strike 1-2: Ball 2-2: Foul Ball, location: 2F 2-2: Ball 3-2: Foul Ball, location: 2F 3-2: Foul Ball, location: 2F 3-2: Foul Ball, location: 2F 3-2: Ground out 4-3 (Groundball, 4)
|
Bottom of the 3rd over - 0 run(s), 0 hit(s), 0 error(s), 1 left on base; Utah 2 - Illinois 0 |
TOP OF THE 4TH |
Utah Utes batting - Pitching for Illinois Fighting Illini : RHP Miguel Sotelo
|
Batting: LHB Robby Bland
|
0-0: Ball 1-0: Ball 2-0: Ball 3-0: Base on Balls
|
Batting: SHB Pablo Miranda
|
0-0: Ball 1-0: Foul Ball, location: 2F 1-1: Ball 2-1: Swinging Strike 2-2: Strikes out swinging
|
Batting: SHB Glenn Hinton
|
0-0: Called Strike 0-1: Ball 1-1: Swinging Strike 1-2: Ball 2-2: Ground out 4-3 (Groundball, 4M) Robby Bland to second
|
Batting: SHB Carlos Mesa
|
0-0: Called Strike 0-1: Foul Ball, location: 2F 0-2: Strikes out swinging
|
Top of the 4th over - 0 run(s), 0 hit(s), 0 error(s), 1 left on base; Utah 2 - Illinois 0 |
BOTTOM OF THE 4TH |
Illinois Fighting Illini batting - Pitching for Utah Utes : RHP Albert Scott
|
Batting: RHB Benoît Vigneault
|
0-0: Called Strike 0-1: Swinging Strike 0-2: Ball 1-2: Foul Ball, location: 2F 1-2: Ball 2-2: Ground out 5-3 (Groundball, 56)
|
Batting: LHB John Miller
|
0-0: Called Strike 0-1: Foul Ball, location: 2F 0-2: Ball 1-2: Ground out 6-3 (Groundball, 56)
|
Batting: RHB Jesús Vélez
|
0-0: Ball 1-0: Foul Ball, location: 2F 1-1: SOLO HOME RUN (Flyball, 7D), Distance : 351 ft
|
Batting: RHB Ryan Draper
|
0-0: Swinging Strike 0-1: Called Strike 0-2: SINGLE (Line Drive, 6M)
|
Batting: RHB Fernando Núñez
|
0-0: Called Strike 0-1: Ball 1-1: Ball 2-1: Ball 3-1: Called Strike 3-2: Foul Ball, location: 2F 3-2: Foul Ball, location: 2F 3-2: Base on Balls Ryan Draper to second
|
Batting: RHB Alonso Durán
|
0-0: Hit by Pitch Ryan Draper to third Fernando Núñez to second
|
Batting: RHB Alfonso Reyes
|
0-0: Foul Ball, location: 2F 0-1: Foul Ball, location: 2F 0-2: Foul Ball, location: 2F 0-2: SINGLE (Groundball, 56D) Ryan Draper scores Fernando Núñez to third Alonso Durán to second Runner from 3rd tries for Home, SAFE, no throw
|
Pitching: RHP Mike Smith
|
|
Batting: SHB Shannon Cline
|
0-0: Called Strike 0-1: Called Strike 0-2: Ball Wild Pitch! Alonso Durán to third Alfonso Reyes to second 1-2: Ball 2-2: Strikes out looking
|
Bottom of the 4th over - 3 run(s), 3 hit(s), 0 error(s), 2 left on base; Utah 2 - Illinois 3 |
TOP OF THE 5TH |
Utah Utes batting - Pitching for Illinois Fighting Illini : RHP Miguel Sotelo
|
Batting: RHB Larry Storms
|
0-0: Ball 1-0: Foul Ball, location: 2F 1-1: Called Strike 1-2: SINGLE (Flyball, 7LM)
|
Batting: SHB Jeff Hernández
|
0-0: Ball 1-0: SINGLE (Line Drive, 6M) Larry Storms to second
|
Batting: SHB Ramón Velázquez
|
0-0: Foul Ball, location: 2F 0-1: Called Strike 0-2: Strikes out swinging
|
Batting: SHB John May
|
0-0: Ball Wild Pitch! Larry Storms to third Jeff Hernández to second 1-0: Ball 2-0: 3-RUN HOME RUN (Flyball, 9D), Distance : 343 ft
|
Pitching: RHP Ken Simms
|
|
Batting: RHB Randy Banks
|
0-0: Fly out, F2 (Popup, 2R)
|
Batting: LHB Robby Bland
|
0-0: Called Strike 0-1: Ball 1-1: Ball 2-1: Swinging Strike 2-2: Ball 3-2: Strikes out swinging
|
Top of the 5th over - 3 run(s), 3 hit(s), 0 error(s), 0 left on base; Utah 5 - Illinois 3 |
BOTTOM OF THE 5TH |
Illinois Fighting Illini batting - Pitching for Utah Utes : RHP Mike Smith
|
Batting: RHB Jon Foster
|
0-0: Ball 1-0: Ball 2-0: Ball 3-0: Called Strike 3-1: Base on Balls
|
Batting: RHB Benoît Vigneault
|
0-0: Called Strike 0-1: Ball 1-1: Ball 2-1: Fly out, F9 (Line Drive, 9LS)
|
Batting: LHB John Miller
|
0-0: Called Strike 0-1: Fly out, F7 (Flyball, 78D)
|
Batting: RHB Jesús Vélez
|
0-0: Called Strike 0-1: Foul Ball, location: 2F 0-2: Ball 1-2: SINGLE (Groundball, 6MD) Jon Foster to second
|
Batting: RHB Ryan Draper
|
0-0: Ball 1-0: Foul Ball, location: 2F 1-1: SINGLE (Flyball, 7LS) Jon Foster to third Jesús Vélez to second Runner from 3rd tries for Home, SAFE, no throw
|
Batting: RHB Fernando Núñez
|
0-0: Called Strike 0-1: Called Strike 0-2: Ball 1-2: Ball 2-2: Strikes out looking
|
Bottom of the 5th over - 1 run(s), 2 hit(s), 0 error(s), 2 left on base; Utah 5 - Illinois 4 |
TOP OF THE 6TH |
Utah Utes batting - Pitching for Illinois Fighting Illini : RHP Ken Simms
|
Batting: SHB Pablo Miranda
|
0-0: Called Strike 0-1: Ball 1-1: Ball 2-1: Fly out, F8 (Flyball, 8RM)
|
Batting: SHB Glenn Hinton
|
0-0: Ball 1-0: Foul Ball, location: 2F 1-1: Foul Ball, location: 2F 1-2: Ball 2-2: Ground out 4-3 (Groundball, 34D)
|
Batting: SHB Carlos Mesa
|
0-0: Ball 1-0: Ball 2-0: Called Strike 2-1: Ball 3-1: Ground out 5-3 (Groundball, 56)
|
Top of the 6th over - 0 run(s), 0 hit(s), 0 error(s), 0 left on base; Utah 5 - Illinois 4 |
BOTTOM OF THE 6TH |
Illinois Fighting Illini batting - Pitching for Utah Utes : RHP Mike Smith
|
Batting: RHB Alonso Durán
|
0-0: Ball 1-0: Ball 2-0: Foul Ball, location: 2F 2-1: Fly out, F8 (Line Drive, 8LM)
|
Batting: RHB Alfonso Reyes
|
0-0: Ball 1-0: Called Strike 1-1: Called Strike 1-2: Strikes out swinging
|
Batting: SHB Shannon Cline
|
0-0: Ball 1-0: Fly out, F8 (Flyball, 8RM)
|
Bottom of the 6th over - 0 run(s), 0 hit(s), 0 error(s), 0 left on base; Utah 5 - Illinois 4 |
TOP OF THE 7TH |
Utah Utes batting - Pitching for Illinois Fighting Illini : RHP Ken Simms
|
Batting: RHB Larry Storms
|
0-0: Ball 1-0: Ball 2-0: Ball 3-0: Swinging Strike 3-1: Called Strike 3-2: Strikes out swinging
|
Batting: SHB Jeff Hernández
|
0-0: Ball 1-0: Ball 2-0: Ground out 4-3 (Groundball, 4)
|
Batting: SHB Ramón Velázquez
|
0-0: Ball 1-0: Ground out 3-1 (Groundball, 34)
|
Top of the 7th over - 0 run(s), 0 hit(s), 0 error(s), 0 left on base; Utah 5 - Illinois 4 |
BOTTOM OF THE 7TH |
Illinois Fighting Illini batting - Pitching for Utah Utes : RHP Mike Smith
|
Batting: RHB Jon Foster
|
0-0: Called Strike 0-1: Ball 1-1: Ground out 6-3 (Groundball, 6)
|
Batting: RHB Benoît Vigneault
|
0-0: Called Strike 0-1: Swinging Strike 0-2: Strikes out swinging
|
Batting: LHB John Miller
|
0-0: Called Strike 0-1: Ball 1-1: Swinging Strike 1-2: Ball 2-2: Ball 3-2: Strikes out swinging
|
Bottom of the 7th over - 0 run(s), 0 hit(s), 0 error(s), 0 left on base; Utah 5 - Illinois 4 |
TOP OF THE 8TH |
Utah Utes batting - Pitching for Illinois Fighting Illini : RHP Ken Simms
|
Batting: SHB John May
|
0-0: Ball 1-0: Called Strike 1-1: Foul Ball, location: 2F 1-2: Ball 2-2: Ball 3-2: Foul Ball, location: 2F 3-2: Base on Balls
|
Batting: RHB Randy Banks
|
0-0: Ball 1-0: Grounds into double play, 5-4-3 (Groundball, 56)
|
Batting: LHB Robby Bland
|
0-0: Ball 1-0: Called Strike 1-1: Foul Ball, location: 2F 1-2: Strikes out swinging
|
Top of the 8th over - 0 run(s), 0 hit(s), 0 error(s), 0 left on base; Utah 5 - Illinois 4 |
BOTTOM OF THE 8TH |
Illinois Fighting Illini batting - Pitching for Utah Utes : RHP Mike Smith
|
Pitching: RHP Bruno Poulin
|
|
Batting: RHB Jesús Vélez
|
0-0: Ball 1-0: Ground out U3 (Groundball, 3L)
|
Batting: RHB Ryan Draper
|
0-0: Ball 1-0: Foul Ball, location: 2F 1-1: Called Strike 1-2: Strikes out swinging
|
Batting: RHB Fernando Núñez
|
0-0: Ball 1-0: Ball 2-0: Ball 3-0: Called Strike 3-1: Fly out, F4 (Line Drive, 4M)
|
Bottom of the 8th over - 0 run(s), 0 hit(s), 0 error(s), 0 left on base; Utah 5 - Illinois 4 |
TOP OF THE 9TH |
Utah Utes batting - Pitching for Illinois Fighting Illini : RHP Ken Simms
|
Pitching: LHP Shawn Peters
|
|
Batting: SHB Pablo Miranda
|
0-0: Ball 1-0: Swinging Strike 1-1: Foul Ball, location: 2F 1-2: Strikes out swinging
|
Batting: SHB Glenn Hinton
|
0-0: Called Strike 0-1: Ball 1-1: Called Strike 1-2: Strikes out swinging
|
Batting: SHB Carlos Mesa
|
0-0: Ball 1-0: Called Strike 1-1: Ball 2-1: Foul Ball, location: 2F 2-2: Ball 3-2: Base on Balls
|
Pitching: LHP Mark Andrews
|
|
Batting: RHB Larry Storms
|
0-0: Called Strike 0-1: Ball 1-1: SINGLE (Groundball, 6MD) Carlos Mesa to second Runner from 2nd tries for 3rd, SAFE, no throw
|
Batting: SHB Jeff Hernández
|
0-0: Ball 1-0: Called Strike 1-1: Ball 2-1: Ball 3-1: Base on Balls Larry Storms to second
|
Batting: SHB Ramón Velázquez
|
0-0: SINGLE (Line Drive, 4M) Carlos Mesa scores Larry Storms to third Jeff Hernández to second Runner from 3rd tries for Home, SAFE, throw made at trailing runner, OUT at third!
|
Top of the 9th over - 2 run(s), 2 hit(s), 0 error(s), 1 left on base; Utah 7 - Illinois 4 |
BOTTOM OF THE 9TH |
Illinois Fighting Illini batting - Pitching for Utah Utes : RHP Bruno Poulin
|
Pitching: RHP Brandon Jiménez
|
|
Batting: RHB Alonso Durán
|
0-0: Called Strike 0-1: Ball 1-1: SOLO HOME RUN (Flyball, 78XD), Distance : 369 ft
|
Batting: RHB Alfonso Reyes
|
0-0: Ball 1-0: Swinging Strike 1-1: Foul Ball, location: 2F 1-2: Ball 2-2: Ball 3-2: Base on Balls
|
Batting: SHB Shannon Cline
|
0-0: Ball 1-0: Ball 2-0: Foul Ball, location: 2F 2-1: Foul Ball, location: 2F 2-2: Ball 3-2: DOUBLE (Line Drive, 78M) Alfonso Reyes to third
|
Batting: RHB Jon Foster
|
0-0: Called Strike 0-1: Swinging Strike 0-2: Foul Ball, location: 2F 0-2: Ball 1-2: Strikes out looking
|
Batting: RHB Benoît Vigneault
|
0-0: Foul Ball, location: 2F 0-1: Fly out, F5 (Line Drive, 5L)
|
Batting: LHB John Miller
|
0-0: Called Strike 0-1: Ball 1-1: Foul Ball, location: 2F 1-2: Ball 2-2: Ground out U3 (Groundball, 3)
|
Bottom of the 9th over - 1 run(s), 2 hit(s), 0 error(s), 2 left on base; Utah 7 - Illinois 5 |
|